 Dungeon Crawl Stone Soup version 0.20.1-1-g8b1a95d (webtiles) character file.

173506 Irenicus the Spry (level 17, -2/238 HPs)
             Began as a Deep Dwarf Monk on Oct 27, 2017.
             Was the Champion of Makhleb.
             Slain by a swamp dragon (5 damage)
             ... on level 4 of the Swamp.
             The game lasted 03:11:47 (26678 turns).

Irenicus the Spry (Deep Dwarf Monk)                Turns: 26678, Time: 03:11:47

Health: -2/238     AC: 16    Str: 15    XL:     17   Next: 43%
Magic:  5/27       EV: 32    Int: 16    God:    Makhleb [******]
Gold:   883        SH:  0    Dex: 33    Spells: 10/34 levels left

rFire    . . .     SeeInvis +   u - +4 whip of Action {freeze, Str-4 Dex+10}
rCold    + + +     Gourm    .   (no shield)
rNeg     + + +     Faith    .   Y - +1 robe of Distant Worlds {rElec rCorr Int+4}
rPois    +         Spirit   .   L - +4 helmet "Zieliede" {rC+++ Str-2}
rElec    +         Reflect  .   Z - +2 cloak of Irghiocyn {+Inv MR+}
rCorr    +         Harm     .   h - +1 pair of gloves
MR       +++..                  e - +0 pair of boots
Stlth    ..........             t - amulet of rage
Regen    0.0/turn               D - ring of Modesty {rCorr rC+ Dex+7 Slay+2 SInv}
MPRegen  0.2/turn               H - ring of Xopofar {rPois rN++ Dex-4 SInv Stlth+}

@: berserking (expiring), non-regenerating, very quick
A: damage resistance, heal wounds, molten scales 1, see invisible, low mp 1,
negative energy resistance 1, sense surroundings 2, no regeneration
a: Heal Wounds, Minor Destruction, Lesser Servant of Makhleb, Major Destruction,
Greater Servant of Makhleb, Renounce Religion, Evoke Berserk Rage, Evoke
Invisibility


You were on level 4 of the Swamp.
You worshipped Makhleb.
Makhleb was exalted by your worship.
You were very hungry.

You visited 6 branches of the dungeon, and saw 30 of its levels.
You also visited: Ice Cave and Volcano.

You collected 3576 gold pieces.
You spent 2693 gold pieces at shops.

Inventory:

Hand Weapons
 o - a +0 executioner's axe of chopping
 s - a +2 morningstar of holy wrath
 u - the +4 whip of Action (weapon) {freeze, Str-4 Dex+10}
   (You found it on level 4 of the Dungeon)

   It has been specially enchanted to freeze those struck by it, causing extra
   injury to most foes and up to half again as much damage against particularly
   susceptible opponents.
   It can also slow down cold-blooded creatures.
   It affects your strength (-4).
   It affects your dexterity (+10).
Missiles
 F - 3 throwing nets (quivered)
Armour
 e - a +0 pair of boots (worn)
 h - a +1 pair of gloves (worn)
 L - the +4 helmet "Zieliede" (worn) {rC+++ Str-2}
   (You found it on level 1 of the Swamp)

   It affects your strength (-2).
   It renders you almost immune to cold.
 Y - the +1 robe of Distant Worlds (worn) {rElec rCorr Int+4}
   (You took it off an orc wizard on level 10 of the Dungeon)

   It affects your intelligence (+4).
   It insulates you from electricity.
   It protects you from acid and corrosion.
 Z - the +2 cloak of Irghiocyn (worn) {+Inv MR+}
   (You bought it in a shop on level 11 of the Dungeon)

   It affects your resistance to hostile enchantments.
   It lets you turn invisible.
Jewellery
 t - an amulet of rage (around neck)
 A - a +6 ring of protection
 D - the ring of Modesty (left hand) {rCorr rC+ Dex+7 Slay+2 SInv}
   (You bought it in a shop on level 2 of the Orcish Mines)

   [ring of resist corrosion]

   It affects your dexterity (+7).
   It affects your accuracy and damage with ranged weapons and melee attacks
   (+2).
   It protects you from cold.
   It lets you see invisible.
 H - the ring of Xopofar (right hand) {rPois rN++ Dex-4 SInv Stlth+}
   (You bought it in a shop on level 2 of the Orcish Mines)

   [ring of see invisible]

   It affects your dexterity (-4).
   It protects you from poison.
   It greatly protects you from negative energy.
   It lets you see invisible.
   It makes you more stealthy.
Wands
 b - a wand of confusion (9/48)
 g - a wand of confusion (18/48)
 j - a wand of lightning (5/15)
 q - a wand of iceblast (9/15)
 w - a wand of iceblast (0/15)
 x - a wand of confusion (16/48)
 y - a wand of random effects (6/48)
 B - a wand of digging (11/24)
 C - a wand of disintegration (8/24)
 J - a wand of paralysis (8/24)
 Q - a wand of acid (0/15)
Scrolls
 d - 6 scrolls of teleportation
 f - 9 scrolls of remove curse
 l - 2 scrolls of identify
 p - 5 scrolls of recharging
 G - 5 scrolls of magic mapping
 M - 2 scrolls of fog
 O - 7 scrolls of blinking
 U - 6 scrolls of fear
 X - a scroll of immolation
Potions
 a - 3 potions of resistance
 m - 2 potions of haste
 n - 3 potions of berserk rage
 r - 5 potions of mutation
 E - 5 potions of agility
 K - a potion of magic
 P - a potion of heal wounds
 R - 7 potions of curing
 S - 2 potions of brilliance
 T - 3 potions of lignification
 V - 4 potions of flight
 W - 3 potions of might
Miscellaneous
 i - a fan of gales
 v - a lamp of fire
 I - 2 phantom mirrors
 N - a sack of spiders
Comestibles
 c - 18 bread rations
 k - 6 royal jellies
 z - 14 meat rations


   Skills:
 - Level 12.0 Fighting
 + Level 14.5(16.0) Axes
 - Level 11.0(13.6) Maces & Flails
 - Level 15.8 Dodging
 - Level 5.1 Stealth
 - Level 9.0 Spellcasting
 - Level 10.0 Necromancy
 - Level 1.0 Transmutations
 - Level 1.1 Earth Magic
 - Level 10.1 Invocations
 - Level 14.0 Evocations


You had 10 spell levels left.
You knew the following spells:

 Your Spells              Type           Power        Failure   Level  Hunger
b - Animate Skeleton      Necr           N/A          1%          1    None
c - Animate Dead          Necr           N/A          1%          4    ###....
d - Control Undead        Necr           #####.....   1%          4    ###....
e - Vampiric Draining     Necr           #####.....   1%          3    #......
f - Apportation           Tloc           #.....       10%         1    None
g - Gell's Gravitas       Tloc           #.........   30%         3    #......
h - Passwall              Tmut/Erth      ##........   10%         2    None
i - Statue Form           Tmut/Erth      ##.......    100%        6    ######.


Dungeon Overview and Level Annotations

Branches:
Dungeon (15/15)            Temple (1/1) D:5            Lair (6/6) D:8
  Swamp (4/4) Lair:4        Snake (0/4) Lair:4        Slime (0/5) Lair:5
    Orc (2/2) D:11            Elf (2/3) Orc:2        Vaults (0/5) D:14
 Depths (0/5) D:15

Altars:
Ashenzari
Cheibriados
Dithmenos
Elyvilon
Fedhas
Gozag
Hepliaklqana
Kikubaaqudgha
Makhleb
Nemelex Xobeh
Okawaru
Qazlal
Ru
Sif Muna
Trog
Uskayaw
Vehumet
Xom
Yredelemnul
Zin
The Shining One
Jiyva

Shops:
D:11 [   D:13 ?(   Orc:1 ?   Orc:2 =**??

Annotations:
D:6 Irenicus's ghost, novice DDMo
D:14 Rupert


Innate Abilities, Weirdness & Mutations

You are resistant to damage.
You can heal yourself by infusing magical energy.
You resist negative energy. (rN+)
You passively map the area around you.
You do not regenerate.
You are partially covered in molten scales. (AC +2)
You have supernaturally acute eyesight. (SInv)
Your magical capacity is low. (-10% MP)


Message History

You closely miss the thorn hunter.
The thorn hunter is heavily damaged.
Unknown command.
You whack the thorn hunter! You freeze the thorn hunter.
The thorn hunter is heavily damaged.
The five-headed hydra completely misses you.
The five-headed hydra bites you.
* * * LOW HITPOINT WARNING * * *
The five-headed hydra bites you.
The five-headed hydra bites you but does no damage.
The five-headed hydra misses you. The thorn hunter closely misses you.
The thorn hunter hits you but does no damage.
You are too berserk!
You whack the thorn hunter! You freeze the thorn hunter.
The thorn hunter is severely damaged.
Unknown command.
You hit the thorn hunter. You freeze the thorn hunter.
The thorn hunter is almost destroyed.
The swamp dragon completely misses you. The swamp dragon claws you.
You die...

.♣♣ **
##.≈≈≈.≈†♣#♣♣....♣≈≈.♣♣♣♣
≈≈♣ *
##.≈###.§.≈#♣..♣♣♣♣..♣♣.≈≈
..♣♣ ##Z.##.###..#♣≈.♣
♣♣♣≈♣.≈≈
..≈♣###≈!##≈PP##.v#♣..♣
♣≈≈♣≈..
......ZZ♣#..≈PPP[≈#♣♣♣♣
♣♣♣≈Z..
≈..Z≈≈≈Z♣#.≈..≈≈♣♣# ♣Z≈≈≈.
.......≈≈#≈≈..≈.≈≈# ♣Z≈≈≈.
).≈♣###≈≈##..≈##D.#
♣♣≈≈≈≈♣ ≈.≈♣ ##.≈##.###@.#
♣♣<≈≈≈.♣ ...♣ *#≈≈###≈fD≈#
♣.§≈≈.♣♣ ≈.♣♣ #≈≈≈.≈[≈♣#♣♣
♣≈≈≈≈≈≈≈ .≈♣ *, ##.....♣#
♣§♣♣♣♣♣....≈≈. ≈.♣♣* ,,
#####.# ♣♣≈≈≈.≈♣...≈§.
♣..♣ , ≈.# ♣♣§≈≈≈≈..≈≈≈≈≈≈
♣≈♣♣ , , ≈ §§#
♣.≈§≈≈≈......≈≈ ♣Z♣♣ * *
.≈## ♣♣≈≈≈≈.≈♣♣♣♣.≈. ♣3≈♣♣
## ♣♣≈≈≈≈≈≈♣♣♣♣♣≈.≈


You could see a thorn hunter, a five-headed hydra and a swamp dragon.

Vanquished Creatures
  Jorgrun (Swamp:4)
  A tentacled monstrosity (Swamp:3)
  A thorn hunter (Swamp:4)
  Donald (Swamp:4)
  Kirke (D:12)
  Gastronok (Lair:2)
  A frost giant (IceCv)
  Aizul (Swamp:4)
  Louise (Swamp:3)
  A stone giant (Orc:1)
  Nessos (D:14)
  Snorg (D:12)
  A fire dragon (D:15)
  A deep elf death mage (Elf:2)
  2 ogre magi (D:13)
  An ice dragon (D:15)
  6 two-headed ogres
  2 centaur warriors
  6 death yaks
  19 hydras
  10 dancing weapons
  2 tengu warriors (D:15)
  8 alligators
  An orc high priest (Orc:2)
  9 deep elf knights
  4 skeletal warriors
  A spriggan druid (Swamp:3)
  An unseen horror (D:13)
  5 swamp dragons
  3 wizards (D:13)
  4 orc knights
  11 deep elf archers
  4 lindwurms
  An orc sorcerer (Orc:1)
  6 ugly things
  3 oklob plants (Lair:3)
  20 deep elf magi
  A wolf spider (D:14)
  A cyclops (D:12)
  A centaur zombie (D:11)
  A guardian serpent (D:10)
  6 elephants (Lair:2)
  An ice statue (IceCv)
  4 molten gargoyles (Volcano)
  5 torpor snails
  5 black mambas
  2 gargoyles
  A centaur skeleton (D:12)
  5 spiny frogs
  A yaktaur (shapeshifter) (Elf:2)
  6 rime drakes
  A freezing wraith (D:14)
  8 komodo dragons
  19 polar bears
  4 tyrant leeches
  A meliai (shapeshifter) (Elf:2)
  8 hornets
  Grinder (D:5)
  11 trolls
  9 slime creatures
  7 bog bodies
  4 blink frogs (Swamp:3)
  10 hippogriffs
  Sigmund (D:5)
  2 air elementals (Elf:1)
  4 shadows
  5 water elementals
  3 vampires
  A tarantella (shapeshifter) (D:13)
  2 wraiths
  A spriggan (Swamp:2)
  47 yaks
  3 wyverns
  2 hungry ghosts
  3 fire elementals
  3 fire bats (Lair:5)
  4 hogs
  14 humans
  14 vampire mosquitoes
  8 wargs
  2 basilisks
  Menkaure (D:7)
  10 insubstantial wisps
  6 swamp worms
  A harpy simulacrum (D:14)
  2 soldier ants
  4 acid dragons
  7 water moccasins
  4 porcupines
  32 orc warriors
  7 swamp drakes
  A sky beast (D:13)
  A necrophage (D:9)
  An eye of draining (D:14)
  2 black bears (D:8)
  3 phantoms
  21 wolves
  21 centaurs
  16 ogres
  A big kobold (D:14)
  9 crocodiles
  17 bullfrogs
  5 earth elementals
  4 scorpions
  20 killer bees
  7 howler monkeys
  13 wights
  4 electric eels
  5 crimson imps
  2 bullfrog zombies
  2 quasits
  A bullfrog skeleton (D:12)
  9 hounds
  6 jellies
  9 orc priests
  Crazy Yiuf (D:7)
  13 orc wizards
  Ijyb (D:4)
  5 iguanas
  11 worker ants
  A hound zombie (D:3)
  2 hound skeletons (D:3)
  A howler monkey skeleton (D:6)
  14 adders
  4 gnolls (D:6)
  3 shadow imps
  4 oozes (Lair:5)
  An adder zombie (D:3)
  An adder skeleton (D:4)
  2 worms (D:2)
  A dart slug (D:2)
  8 leopard geckos
  62 orcs
  4 bats
  2 giant cockroaches
  3 hobgoblins
  13 jackals
  10 kobolds
  9 quokkas
  A ball python (D:3)
  A ball python skeleton (D:4)
  A ball python zombie (D:3)
  6 frilled lizards
  8 goblins
  A leopard gecko skeleton (D:3)
  5 quokka skeletons
  7 rats
  A plant (Lair:3)
846 creatures vanquished.

Vanquished Creatures (collateral kills)
  Nikola (Elf:1)
  Asterion (Elf:2)
  2 thorn hunters
  Roxanne (Elf:2)
  2 fire dragons (Lair:6)
  3 hydras (Swamp:4)
  A centaur warrior (Orc:2)
  3 alligators
  8 dancing weapons
  A deep elf knight (Elf:2)
  8 swamp dragons
  An orc knight (Orc:2)
  7 deep elf magi
  A cyclops (D:13)
  A centaur zombie (D:14)
  A gargoyle (D:11)
  2 torpor snails
  6 spiny frogs
  A centaur skeleton (D:15)
  A rime drake (Lair:3)
  A freezing wraith (D:14)
  3 komodo dragons
  A troll (Orc:2)
  A polar bear (IceCv)
  2 hornets
  A hippogriff (Lair:4)
  A blink frog (Swamp:3)
  2 bog bodies
  5 tyrant leeches
  6 yaks
  A human (D:14)
  An air elemental (Elf:2)
  6 vampire mosquitoes
  3 basilisks (Lair:6)
  2 steam dragons (Lair:6)
  6 swamp worms
  4 insubstantial wisps (Swamp:3)
  An acid dragon (D:14)
  A water moccasin (Lair:5)
  A porcupine (Lair:3)
  6 orc warriors (Orc:2)
  7 swamp drakes
  A wolf (IceCv)
  3 centaurs
  2 crocodiles
  A bullfrog (Lair:5)
  An earth elemental (Elf:1)
  A crimson imp (D:15)
  An orc priest (Orc:1)
  A worker ant zombie (D:11)
  9 orcs
  A quokka (D:11)
  3 fungi
  3 plants
141 creatures vanquished.

Vanquished Creatures (others)
  A hydra (Swamp:4)
  An alligator (Swamp:3)
  A hornet (Swamp:2)
  A swamp worm (Swamp:3)
  A swamp drake (Swamp:4)
  An iguana (Lair:6)
  A briar patch (Swamp:4)
  A fire vortex (Lair:2)
  5 fungi
  17 plants
30 creatures vanquished.

Grand Total: 1017 creatures vanquished

Notes
Turn   | Place    | Note
-------+----------+-------------------------------------------
     0 | D:1      | Irenicus the Deep Dwarf Monk began the quest for the Orb.
     0 | D:1      | Reached XP level 1. HP: 20/20 MP: 1/1
   373 | D:1      | Reached XP level 2. HP: 27/27 MP: 2/2
   795 | D:2      | Reached XP level 3. HP: 29/33 MP: 3/3
  1026 | D:2      | Reached skill level 5 in Axes
  1046 | D:2      | Found a hazy altar of Hepliaklqana.
  1227 | D:3      | You fall through a shaft!
  1227 | D:4      | Noticed an ogre
  1241 | D:4      | Noticed Ijyb
  1296 | D:3      | Reached XP level 4. HP: 18/40 MP: 4/4
  1317 | D:2      | Found a basalt altar of Yredelemnul.
  1620 | D:3      | Found a blossoming altar of Fedhas.
  1719 | D:4      | Reached skill level 1 in Evocations
  1719 | D:4      | Reached XP level 5. HP: 7/46 MP: 5/5
  1885 | D:4      | Got an encrusted whip
  1886 | D:4      | Identified the +4 whip of Action {freeze, Str-4 Dex+10} (You found it on level 4 of the Dungeon)
  1980 | D:4      | Reached XP level 6. HP: 17/55 MP: 8/8
  2204 | D:4      | Killed Ijyb
  2204 | D:4      | Reached skill level 1 in Maces & Flails
  2393 | D:5      | Entered Level 5 of the Dungeon
  2477 | D:5      | Reached skill level 4 in Dodging
  2477 | D:5      | Reached XP level 7. HP: 19/61 MP: 9/9
  2584 | D:5      | Noticed Grinder
  2605 | D:5      | Paralysed by Grinder for 6 turns
  2611 | D:5      | Gained mutation: You are agile. (Dex +2) [potion of mutation]
  2611 | D:5      | Gained mutation: Scrolls take you a little longer to read. [potion of mutation]
  2611 | D:5      | Gained mutation: You are partially covered in iridescent scales. (AC +2) [potion of mutation]
  2623 | D:5      | Killed Grinder
  2623 | D:5      | Reached skill level 5 in Dodging
  2660 | D:5      | Reached skill level 6 in Dodging
  2821 | D:5      | Noticed Sigmund
  2836 | D:5      | Killed Sigmund
  2836 | D:5      | Reached skill level 7 in Dodging
  2836 | D:5      | Reached XP level 8. HP: 27/68 MP: 10/10
  2913 | D:5      | Found a staircase to the Ecumenical Temple.
  2923 | Temple   | Entered the Ecumenical Temple
  3367 | D:6      | Noticed Irenicus's ghost (novice DDMo)
  3519 | D:6      | Reached skill level 8 in Dodging
  3551 | D:6      | Learned a level 3 spell: Vampiric Draining
  3599 | D:6      | Found a burning altar of Makhleb.
  3611 | D:6      | Became a worshipper of Makhleb the Destroyer
  3611 | D:6      | Reached * piety under Makhleb
  3611 | D:6      | Reached ** piety under Makhleb
  3625 | D:6      | Reached skill level 9 in Dodging
  3670 | D:6      | Learned a level 1 spell: Animate Skeleton
  3706 | D:6      | Found a sparkling altar of Nemelex Xobeh.
  3710 | D:6      | Found a snail-covered altar of Cheibriados.
  3711 | D:6      | Found an opulent altar of Gozag.
  3913 | D:7      | Found a runed door.
  3919 | D:7      | Noticed Crazy Yiuf
  3928 | D:7      | Killed Crazy Yiuf
  4050 | D:7      | Found a shattered altar of Ashenzari.
  4071 | D:7      | Gained mutation: You passively map the area around you. [Deep Dwarf growth]
  4071 | D:7      | Reached XP level 9. HP: 18/75 MP: 11/11
  4107 | D:7      | Reached skill level 1 in Necromancy
  4151 | D:7      | Noticed Menkaure
  4506 | D:7      | Reached skill level 5 in Necromancy
  4554 | D:7      | Killed Menkaure
  4554 | D:7      | Reached skill level 1 in Spellcasting
  4866 | D:8      | Reached *** piety under Makhleb
  4873 | D:8      | Found a staircase to the Lair.
  4883 | D:8      | Noticed a troll
  4909 | D:8      | Killed a troll
  4909 | D:8      | Reached skill level 5 in Spellcasting
  5049 | D:8      | Reached XP level 10. HP: 83/84 MP: 11/18
  5439 | D:9      | Reached skill level 10 in Dodging
  5467 | D:9      | Noticed a two-headed ogre
  5472 | D:10     | Entered Level 10 of the Dungeon
  5489 | D:10     | Reached **** piety under Makhleb
  6084 | D:9      | Killed a two-headed ogre
  6180 | D:9      | Found a stormy altar of Qazlal.
  6674 | D:10     | Noticed a guardian serpent
  6693 | D:10     | Killed a guardian serpent
  6702 | D:10     | Gained mutation: Scrolls take you longer to read. [mutagenic meat]
  6703 | D:10     | Gained mutation: Scrolls take you much longer to read. [mutagenic meat]
  6704 | D:10     | Gained mutation: You are partially covered in icy blue scales. (AC +2) [mutagenic meat]
  6825 | D:10     | Reached XP level 11. HP: 90/90 MP: 6/20
  6852 | D:10     | Got a silken robe
  6863 | D:10     | Identified the +1 robe of Distant Worlds {rElec rCorr Int+4} (You took it off an orc wizard on level 10 of the Dungeon)
  6963 | D:10     | Learned a level 1 spell: Pain
  7089 | D:11     | Reached ***** piety under Makhleb
  7110 | D:11     | Found a staircase to the Orcish Mines.
  7159 | D:11     | Reached skill level 5 in Maces & Flails
  7345 | D:11     | Learned a level 4 spell: Animate Dead
  7350 | D:11     | Learned a level 4 spell: Control Undead
  7928 | D:11     | Found Niuj's Antique Armour Emporium.
  7933 | D:11     | Bought a glowing helmet for 210 gold pieces
  7933 | D:11     | Bought a fine cloak for 266 gold pieces
  7955 | D:11     | Identified the +2 cloak of Irghiocyn {+Inv MR+} (You bought it in a shop on level 11 of the Dungeon)
  8145 | D:11     | Reached skill level 5 in Stealth
  8361 | D:12     | Noticed Kirke
  8520 | D:13     | Reached skill level 5 in Fighting
  8523 | D:13     | Found Couheg's Antique Weapon Emporium.
  8621 | D:13     | Noticed an ogre mage
  8622 | D:13     | Noticed a deep elf mage
  8627 | D:13     | Killed an ogre mage
  8633 | D:13     | Noticed a wizard
  8637 | D:13     | Killed a deep elf mage
  8640 | D:13     | Noticed a wizard
  8640 | D:13     | Noticed a wizard
  8641 | D:13     | Noticed an ogre mage
  8648 | D:13     | Killed a wizard
  8653 | D:13     | Noticed a skeletal warrior
  8658 | D:13     | Noticed a skeletal warrior
  8729 | D:13     | Found Gopsis's Magic Scroll Shop.
  8829 | D:13     | Killed a wizard
  8892 | D:13     | Killed a wizard
  8892 | D:13     | Reached XP level 12. HP: 110/110 MP: 14/21
  8920 | D:13     | Killed an ogre mage
  8920 | D:13     | Reached skill level 5 in Evocations
  9252 | D:12     | Got a twisted glaive
  9282 | D:12     | Noticed Snorg
  9308 | D:12     | Killed Snorg
  9368 | D:12     | Killed Kirke
  9372 | D:12     | Reached skill level 10 in Evocations
  9843 | D:13     | Reached ****** piety under Makhleb
  9856 | D:13     | Noticed a two-headed ogre
  9871 | D:13     | Killed a two-headed ogre
  9899 | D:13     | Identified the +2 glaive of Diet Blood {freeze, *Rage MR+ Str-2 Int+9} (You found it on level 12 of the Dungeon)
 10010 | D:13     | Gained mutation: You are frail. (-10% HP) [mutagenic meat]
 10011 | D:13     | Lost mutation: Scrolls take you much longer to read. [mutagenic meat]
 10069 | D:14     | Found a gate to the Vaults.
 10069 | D:14     | Noticed Rupert
 10069 | D:14     | Noticed Nessos
 10087 | D:13     | Gained mutation: You are partially covered in slimy green scales. (AC +2) [mutagenic meat]
 10088 | D:13     | Gained mutation: You are very agile. (Dex +4) [mutagenic meat]
 10105 | D:14     | Noticed a seven-headed hydra
 10105 | D:14     | Noticed a centaur warrior
 10105 | D:14     | Noticed a five-headed hydra
 10133 | D:14     | Killed a centaur warrior
 10279 | D:14     | Reached XP level 13. HP: 92/105 MP: 0/23
 10321 | D:14     | Killed Nessos
 10352 | D:14     | HP: 5/105 [orc knight/dire flail (19)]
 11159 | D:15     | Entered Level 15 of the Dungeon
 11272 | D:15     | Reached skill level 10 in Maces & Flails
 11375 | D:15     | Got a colourful robe
 11386 | D:15     | Identified the +4 robe "Niuliapef" {Regen+ Slay+2 Stlth+} (You found it on level 15 of the Dungeon)
 11617 | D:15     | Noticed a fire dragon
 11684 | D:15     | Killed a fire dragon
 11709 | D:15     | Lost mutation: You are partially covered in iridescent scales. (AC +2) [mutagenic meat]
 11710 | D:15     | Gained mutation: You occasionally shout uncontrollably at your foes. [mutagenic meat]
 11722 | D:15     | Gained mutation: You are partially covered in iridescent scales. (AC +2) [mutagenic meat]
 11724 | D:15     | Gained mutation: You are occasionally teleported next to monsters. [mutagenic meat]
 11725 | D:15     | Gained mutation: You are resistant to hostile enchantments. (MR+) [mutagenic meat]
 11764 | D:15     | Found a staircase to the Depths.
 11812 | D:15     | Found a deep blue altar of Sif Muna.
 11847 | D:15     | Got a bloodstained cloak
 11858 | D:15     | Identified the +2 cloak of Lugonu's Condemnation {Int+3} (You found it on level 15 of the Dungeon)
 12266 | Orc:1    | Entered Level 1 of the Orcish Mines
 12378 | Orc:2    | Entered Level 2 of the Orcish Mines
 12378 | Orc:2    | Found Tucs's Jewellery Shoppe.
 12402 | Orc:2    | Reached skill level 11 in Dodging
 12778 | Orc:2    | Gained mutation: You resist negative energy. (rN+) [Deep Dwarf growth]
 12778 | Orc:2    | Reached XP level 14. HP: 99/113 MP: 5/24
 12794 | Orc:2    | Found a staircase to the Elven Halls.
 12800 | Orc:2    | Found Esutaqyt's Magic Scroll Shoppe.
 12800 | Orc:2    | Found Xusapi's General Store.
 12802 | Orc:2    | Found Ochiucer's General Store.
 12804 | Orc:2    | Found Tidonuaw's Magic Scroll Emporium.
 12912 | Orc:2    | Reached skill level 12 in Dodging
 13595 | Orc:1    | Noticed a stone giant
 13614 | Orc:1    | Killed a stone giant
 13678 | Orc:1    | Learned a level 1 spell: Apportation
 13792 | Orc:1    | Found Homawnoa's Magic Scroll Boutique.
 13949 | D:8      | Reached skill level 13 in Dodging
 13957 | Lair:1   | Entered Level 1 of the Lair of Beasts
 15162 | Lair:2   | Noticed Gastronok
 15177 | Lair:2   | Killed Gastronok
 16336 | Lair:4   | Found a staircase to the Swamp.
 16573 | Lair:4   | Found a staircase to the Snake Pit.
 16909 | Lair:5   | Found a dark tunnel.
 16918 | Volcano  | Entered a volcano
 16921 | Volcano  | Noticed karf's ghost (journeyman MiBe)
 17269 | Lair:5   | Learned a level 3 spell: Gell's Gravitas
 17656 | Lair:5   | Found a runed door.
 17657 | Lair:5   | Found a viscous altar of Jiyva.
 17659 | Lair:5   | Found a staircase to the Slime Pits.
 17762 | Lair:5   | Reached skill level 10 in Fighting
 17861 | Lair:5   | Reached XP level 15. HP: 123/124 MP: 28/28
 18119 | Lair:6   | Entered Level 6 of the Lair of Beasts
 18279 | Lair:6   | Found a frozen archway.
 18292 | IceCv    | Entered an ice cave
 18340 | IceCv    | Reached skill level 10 in Necromancy
 18388 | IceCv    | Reached skill level 1 in Invocations
 18743 | IceCv    | Reached skill level 5 in Invocations
 18998 | IceCv    | Noticed a frost giant
 19122 | IceCv    | Killed a frost giant
 19491 | Lair:6   | Found a runed door.
 19800 | Lair:6   | Reached skill level 10 in Invocations
 20782 | Orc:2    | Bought the ring of Xopofar {rPois rN++ Dex-4 SInv Stlth+} for 466 gold pieces
 20782 | Orc:2    | Bought the ring of Modesty {rCorr rC+ Dex+7 Slay+2 SInv} for 919 gold pieces
 20819 | Elf:1    | Entered Level 1 of the Elven Halls
 21565 | Elf:1    | Lost mutation: You are occasionally teleported next to monsters. [potion of mutation]
 21565 | Elf:1    | Lost mutation: Scrolls take you longer to read. [potion of mutation]
 21565 | Elf:1    | Lost mutation: You occasionally shout uncontrollably at your foes. [potion of mutation]
 21565 | Elf:1    | Lost mutation: You are resistant to hostile enchantments. (MR+) [potion of mutation]
 21565 | Elf:1    | Lost mutation: Scrolls take you a little longer to read. [potion of mutation]
 21565 | Elf:1    | Lost mutation: You are very agile. (Dex +4) [potion of mutation]
 21565 | Elf:1    | Gained mutation: You are very agile. (Dex +4) [potion of mutation]
 21565 | Elf:1    | Lost mutation: You are very agile. (Dex +4) [potion of mutation]
 21565 | Elf:1    | Gained mutation: You are resistant to electric shocks. (rElec) [potion of mutation]
 21623 | Elf:1    | Reached XP level 16. HP: 136/136 MP: 21/29
 21955 | Elf:1    | Noticed Nikola
 21995 | Elf:1    | Killed Nikola
 21995 | Elf:1    | Reached skill level 14 in Dodging
 22305 | Elf:2    | Noticed Roxanne
 22802 | Elf:2    | Reached skill level 15 in Dodging
 22842 | Elf:2    | Gained mutation: You have a pair of small antennae on your head. [mutagenic meat]
 22843 | Elf:2    | Gained mutation: You are very frail. (-20% HP) [mutagenic meat]
 22844 | Elf:2    | Lost mutation: You are partially covered in icy blue scales. (AC +2) [mutagenic meat]
 22845 | Elf:2    | Gained mutation: You are weak. (Str -2) [mutagenic meat]
 22846 | Elf:2    | Lost mutation: You are very frail. (-20% HP) [potion of mutation]
 22846 | Elf:2    | Lost mutation: You are agile. (Dex +2) [potion of mutation]
 22846 | Elf:2    | Lost mutation: You are partially covered in slimy green scales. (AC +2) [potion of mutation]
 22846 | Elf:2    | Lost mutation: You have a pair of small antennae on your head. [potion of mutation]
 22846 | Elf:2    | Lost mutation: You are partially covered in iridescent scales. (AC +2) [potion of mutation]
 22846 | Elf:2    | Gained mutation: Your system is resistant to poisons. (rPois) [potion of mutation]
 22846 | Elf:2    | Gained mutation: You are occasionally teleported next to monsters. [potion of mutation]
 22846 | Elf:2    | Gained mutation: You are partially covered in molten scales. (AC +2) [potion of mutation]
 22847 | Elf:2    | Lost mutation: You are weak. (Str -2) [potion of mutation]
 22847 | Elf:2    | Lost mutation: You are frail. (-10% HP) [potion of mutation]
 22847 | Elf:2    | Lost mutation: Your system is resistant to poisons. (rPois) [potion of mutation]
 22847 | Elf:2    | Lost mutation: You are resistant to electric shocks. (rElec) [potion of mutation]
 22847 | Elf:2    | Gained mutation: Your magical capacity is low. (-10% MP) [potion of mutation]
 22847 | Elf:2    | Lost mutation: You are occasionally teleported next to monsters. [potion of mutation]
 22847 | Elf:2    | Gained mutation: You have supernaturally acute eyesight. (SInv) [potion of mutation]
 23040 | Elf:2    | Killed Roxanne
 23045 | Elf:2    | Identified Roxanne's Guide on Clay (You took it off Roxanne on level 2 of the Elven Halls)
 23096 | Elf:2    | Noticed Asterion
 23131 | Elf:2    | Killed Asterion
 23146 | Elf:2    | Found a runed gate.
 23146 | Elf:2    | Found a runed gate.
 23146 | Elf:2    | Found a runed gate.
 23231 | Elf:2    | HP: 1/152 [deep elf mage/bolt of lightning (26)]
 23381 | Orc:2    | Bought a scroll of acquirement for 832 gold pieces
 23633 | Swamp:1  | Entered Level 1 of the Swamp
 23879 | Swamp:1  | Got a pitted helmet
 23893 | Swamp:1  | Reached skill level 10 in Axes
 23904 | Swamp:1  | Identified the +4 helmet "Zieliede" {rC+++ Str-2} (You found it on level 1 of the Swamp)
 24943 | Swamp:2  | Learned a level 2 spell: Passwall
 24950 | Swamp:2  | Learned a level 6 spell: Statue Form
 25127 | Swamp:3  | Reached skill level 1 in Earth Magic
 25136 | Swamp:3  | Reached skill level 1 in Transmutations
 25188 | Swamp:3  | Noticed Louise
 25391 | Swamp:3  | Noticed a thorn hunter
 25407 | Swamp:3  | Killed a thorn hunter
 25407 | Swamp:3  | Reached XP level 17. HP: 147/159 MP: 27/27
 25725 | Swamp:3  | Noticed a tentacled monstrosity
 25758 | Swamp:3  | Killed a tentacled monstrosity
 25837 | Swamp:3  | Killed Louise
 25953 | Swamp:4  | Entered Level 4 of the Swamp
 25996 | Swamp:4  | Noticed Donald
 26000 | Swamp:4  | Noticed Jorgrun
 26016 | Swamp:4  | Killed Donald
 26062 | Swamp:4  | Killed Jorgrun
 26405 | Swamp:4  | Noticed Aizul
 26434 | Swamp:4  | Killed Aizul
 26664 | Swamp:4  | HP: 3/238 [thorn hunter/volley of thorns (43)]
 26672 | Swamp:4  | HP: 9/238 [five-headed hydra (5)]
 26676 | Swamp:4  | HP: 3/238 [five-headed hydra (4)]
 26678 | Swamp:4  | Slain by a swamp dragon

Skill      XL: |  1  2  3  4  5  6  7  8  9 10 11 12 13 14 15 16 17 |
---------------+----------------------------------------------------+-----
Axes           | 4 5 6 7 9 12 14 | 14.5
Evocations     | 1 3 4 13 14 | 14.0
Maces & Flails | 2 3 4 6 11 | 11.0
Dodging        | 4 7 9 10 11 13 15 | 15.8
Fighting       | 3 8 10 12 | 12.0
Necromancy     | 5 9 10 | 10.0
Spellcasting   | 5 6 9 |  9.0
Stealth        | 5 |  5.1
Invocations    | 10 | 10.1
Earth Magic    | 1 |  1.1
Transmutations | 1 |  1.0

Action                   |  1- 3 |  4- 6 |  7- 9 | 10-12 | 13-15 | 16-18 || total
-------------------------+-------+-------+-------+-------+-------+-------++-------
Melee: Hand axe          |   137 |    92 |    43 |    14 |       |       ||   286
       Whip              |       |    59 |   379 |  1136 |  2869 |  1276 ||  5719
       Glaive            |       |       |       |     3 |       |       ||     3
       Executioner's axe |       |       |       |       |       |     7 ||     7
 Cast: Vampiric Draining |       |       |    20 |    91 |   296 |   135 ||   542
       Animate Skeleton  |       |       |     1 |    15 |    54 |    10 ||    80
       Pain              |       |       |       |    13 |    45 |     3 ||    61
       Control Undead    |       |       |       |     6 |    14 |       ||    20
       Animate Dead      |       |       |       |     2 |    37 |    16 ||    55
       Gell's Gravitas   |       |       |       |       |       |     1 ||     1
Invok: Minor Destruction |       |       |       |     1 |     6 |     2 ||     9
       Lesser Servant of |       |       |       |       |     3 |     4 ||     7
       Greater Servant o |       |       |       |       |       |     2 ||     2
 Abil: Heal Wounds       |     1 |       |       |       |     2 |     3 ||     6
       Evoke Berserk Rag |       |     3 |     5 |    13 |    20 |     9 ||    50
       Evoke Invisibilit |       |       |       |     6 |     9 |     3 ||    18
Evoke: Wand              |       |     1 |    10 |     4 |    15 |    17 ||    47
       Lamp of fire      |       |       |       |       |     2 |       ||     2
  Use: Scroll            |     2 |     1 |     4 |    13 |    15 |    13 ||    48
       Potion            |       |     3 |     5 |     3 |     7 |     5 ||    23
 Stab: Sleeping          |     3 |     4 |     2 |    17 |    24 |    16 ||    66
       Distracted        |       |     1 |       |     7 |    19 |    16 ||    43
       Paralysed         |       |       |    21 |       |       |       ||    21
       Invisible         |       |       |       |    45 |    87 |    11 ||   143
       Confused          |       |       |       |       |     6 |    20 ||    26
  Eat: Chunk             |     1 |       |    14 |    40 |    65 |    24 ||   144
       Fruit             |       |     2 |     3 |     9 |    16 |     1 ||    31
       Meat ration       |       |     1 |       |       |     1 |       ||     2
       Royal jelly       |       |       |       |       |       |     4 ||     4
Armor: Leather armour    |    25 |    24 |    96 |    63 |       |       ||   208
       Skin              |       |       |     8 |       |       |       ||     8
       Robe              |       |       |       |   219 |   543 |   102 ||   864
       Animal skin       |       |       |       |       |     6 |    85 ||    91
Dodge: Dodged            |    86 |    77 |   343 |  1324 |  3185 |  1361 ||  6376
